 Dungeon Crawl Stone Soup version 0.31-a0-544-gceb718ecc6 (webtiles) character file.

Game seed: 7077899275826576906

60 tilp the Sneak (level 3, -6/26 HPs)
             Began as a Vampire Enchanter on Aug 15, 2023.
             Mangled by Sigmund
             ... wielding a +1 scythe of distortion
              (14 damage)
             ... on level 2 of the Dungeon.
             The game lasted 00:02:35 (1484 turns).

tilp the Sneak (Vampire Enchanter)                  Turns: 1484, Time: 00:02:36

Health: -6/26      AC:  2    Str:  7    XL:     3   Next: 82%
Magic:  1/6        EV: 17    Int: 19    God:
Gold:   57         SH:  0    Dex: 14    Spells: 1/6 levels left

rFire   . . .        a - +1 dagger
rCold   . . .        (no shield)
rNeg    + . .        b - +0 robe
rPois   .            (no helmet)
rElec   .            (no cloak)
rCorr   .            (no gloves)
SInv    +            (no boots)
Will    .....        (no amulet)
Stlth   +++          g - +5 ring of evasion
HPRegen 0.44/turn    k - ring of positive energy
MPRegen 0.10/turn

%: no passive effects
@: healing quickly
A: alive, fangs 3, see invisible, vampiric 2
a: Exsanguinate


You were on level 2 of the Dungeon.
You visited 1 branch of the dungeon, and saw 2 of its levels.

You collected 122 gold pieces.
You spent 65 gold pieces at shops.

Inventory:

Hand Weapons
 a - a +1 dagger (weapon)
Missiles
 h - 8 stones
Armour
 b - a +0 robe (worn)
Jewellery
 g - a +5 ring of evasion (left hand)
 k - a ring of positive energy (right hand)
Wands
 m - a wand of paralysis (3)
Scrolls
 f - 2 scrolls of fear {unknown}
 i - a scroll of noise {unknown}
 j - a scroll of teleportation
 l - a scroll of vulnerability {unknown}
Potions
 c - 2 potions of invisibility
 d - a potion of lignification
 e - a potion of enlightenment {unknown}


   Skills:
 * Level 1.3 Fighting
 * Level 2.2 Short Blades
 + Level 2.6 Dodging
 + Level 4.8 Stealth
 + Level 2.3 Spellcasting
 + Level 4.7 Hexes
 + Level 0.3 Evocations


You had one spell level left.
You knew the following spells:

 Your Spells              Type           Power      Damage    Failure   Level
a - Ensorcelled Hibernat  Hex/Ice        22%        N/A       10%         2
b - Confusing Touch       Hex            20%        N/A       7%          3

Your spell library contained the following spells:

 Spells                   Type           Power      Damage    Failure   Level
 Magic Dart               Conj           8%         1d3       17%         1
 Tukima's Dance           Hex            20%        N/A       7%          3
 Dazzling Flash           Conj/Hex       22%        N/A       19%         3
 Call Imp                 Summ           4%         N/A       26%         2
 Mephitic Cloud           Conj/Pois/Air  2%         N/A       45%         3


Dungeon Overview and Level Annotations

Branches:
Dungeon (2/15)

Altars:

Shops:
D:1 ?

Annotations:
D:2 Sigmund


Innate Abilities, Weirdness & Mutations

Your natural rate of healing is accelerated.
You have razor-sharp teeth.
You have supernaturally acute eyesight. (SInv)
You are afflicted with vampirism and can become a bat while bloodless.


Message History

You hit Sigmund but do no damage.
Sigmund is severely wounded.
Sigmund misses you.
Unknown command.
You bump into the rock wall.
Sigmund hits you with a +1 scythe of distortion.
* * * LOW HITPOINT WARNING * * *
Space warps around you.
* * * LOW HITPOINT WARNING * * *
You closely miss Sigmund.
Sigmund is severely wounded.
Unknown command.
You bump into the rock wall.
Sigmund misses you.
Unknown command.
Sigmund attacks as you move away! Sigmund misses you.
Unknown command.
You bump into the rock wall.
You feel less confused. Sigmund closely misses you.
Casting: Ensorcelled Hibernation (safe; 10% risk of failure)
Confirm with . or Enter, or press ? or * to list all spells.
Aiming: Ensorcelled Hibernation (safe; 10% risk of failure)
Press: ? - help, Shift-Dir - straight line, f/p - Sigmund
Aim: Sigmund, wielding a +1 scythe of distortion and wearing a +0 robe (severely wounded, chance to affect: 53%) Sigmund looks drowsy...
Unknown command.
Sigmund shouts!
Sigmund closely misses you.
You hit Sigmund but do no damage. Your bite misses Sigmund.
Sigmund is severely wounded.
Unknown command.
Casting: Ensorcelled Hibernation (safe; 10% risk of failure)
Confirm with . or Enter, or press ? or * to list all spells.
You don't have enough magic to cast this spell.
Sigmund attacks as you move away! Sigmund misses you.
Sigmund hits you from afar with a +1 scythe of distortion.
* * * LOW HITPOINT WARNING * * *
Space warps horribly around you!
Ouch! That really hurt!
You die...

## #.....# #
#.....## #
#....†.#
####...# #...#
##...# #....#
#....#########
#....@.@..:...
#...####.####.
#...# .. ###.#
.# #.. # #.#
##


You could see Sigmund.

Vanquished Creatures
  Terence (D:2)
  2 adders (D:2)
  An endoplasm (D:2)
  A giant cockroach (D:1)
  3 goblins
  5 kobolds
  4 ball pythons
  2 bats (D:2)
  A frilled lizard (D:1)
20 creatures vanquished.

Notes
Turn   | Place    | Note
-------+----------+-------------------------------------------
     0 | D:1      | tilp the Vampire Enchanter began the quest for the Orb.
     0 | D:1      | Reached XP level 1. HP: 13/13 MP: 3/3
    37 | D:1      | Found Dot Rod's Magic Scroll Emporium.
   212 | D:1      | Found a faded altar of an unknown god.
   213 | D:1      | Noticed a shining eye
   214 | D:1      | Noticed a floating eye
   220 | D:1      | Noticed a floating eye
   230 | D:1      | Noticed a floating eye
   616 | D:1      | Bought a scroll of teleportation for 39 gold pieces
   616 | D:1      | Bought a scroll of identify for 26 gold pieces
   680 | D:2      | Reached XP level 2. HP: 19/20 MP: 5/5
   683 | D:2      | Learned a level 2 spell: Ensorcelled Hibernation
   821 | D:2      | Noticed Terence
   966 | D:2      | Reached skill level 1 in Fighting
   966 | D:2      | Gained mutation: You are afflicted with vampirism and can
                  | become a bat while bloodless. [Vampire growth]
   966 | D:2      | Reached XP level 3. HP: 26/26 MP: 6/6
   970 | D:2      | Learned a level 3 spell: Confusing Touch
  1137 | D:2      | Killed Terence
  1198 | D:2      | Identified the +0 chain mail of Grot {rElec rPois rF-
                  | Dex+3}
  1460 | D:2      | Noticed Sigmund
  1484 | D:2      | Mangled by Sigmund

Illustrated notes

Levels and vault maps discovered:
D:1:      amcnicky_arrival_abandoned_market, layout_basic,
          hellmonk_ecumenical_altar_watching_god, serial_shops, shop,
          minmay_misc_feat_doors, minmay_split_cup_small
D:2:      layout_basic, uniq_sigmund, uniq_terence

Skill      XL: |  1  2  3 |
---------------+----------+-----
Fighting       | 1 |  1.3
Short Blades   | 2 |  2.2
Dodging        | |  2.6
Stealth        | |  4.8
Spellcasting   | |  2.3
Hexes          | |  4.7
Evocations     | |  0.3

Action                     || total
---------------------------++-------
  Melee: Dagger            ||    61
         Bite              ||     6
   Cast: Ensorcelled Hiber ||    16
    Use: Scroll            ||     1
   Stab: Sleeping          ||    11
 Armour: Robe              ||     3
  Dodge: Dodged            ||    75

Table legend: (Time is in decaauts)
 A = Elapsed time spent in this place.
 B = Non-inter-level travel time spent in this place.
 C = Inter-level travel time spent in this place.
 D = Time resting spent in this place.
 E = Time spent auto-exploring this place.
 F = Levels seen in this place.
 G = Mean time per level.
                   A        B        C        D        E       F      G
               +--------+--------+--------+--------+--------+-----+--------+
         Total |   1478 |   1433 |     45 |     69 |   1110 |   2 |  739.0 |
       Dungeon |   1478 |   1433 |     45 |     69 |   1110 |   2 |  739.0 |
               +--------+--------+--------+--------+--------+-----+--------+

Top non-repeatable levels by time:
     D:2: 838 daAuts
     D:1: 640 daAuts
